[Event "Titled Tuesday Blitz April 26 Late 2022"]
[White "Salimova, Nurgyul"]
[Black "Derraugh, Geordie"]
[WhiteFideId "2915138"]
[BlackFideId "2603950"]
[WhiteElo "2185"]
[BlackElo "2116"]
[Result "1-0"]
[Round "11"]
[TimeControl "180+1"]
[Date "2022.04.26"]
[WhiteClock "0:00:09"]
[BlackClock "0:00:08"]

1. d4 Nf6 2. c4 g6 3. Nc3 d5 4. h4 h5 5. Bg5 dxc4 6. e4 Nc6 7. d5 Ne5 8. Bxc4 Nxc4 9. Qa4+ c6 10. Qxc4 cxd5 11. exd5 Bg7 12. Nf3 O-O 13. O-O Bf5 14. Rfe1 a6 15. Rad1 Qd6 16. Bf4 Qd7 17. d6 Be6 18. Qb4 exd6 19. Rxd6 Qe7 20. Nd4 a5 21. Qa3 Ne8 22. Nd5 Qxd6 23. Bxd6 Bxd5 24. Bxf8 Bxf8 25. Qa4 Ng7 26. Qd7 Bxa2 27. Qxb7 Rd8 28. Nc6 Rd2 29. Nxa5 Nf5 30. Nc6 Bc5 31. Qa8+ Kg7 32. Rf1 Bd5 33. Qa5 Rc2 34. Nb4 Bxb4 35. Qxb4 Be6 36. Qb6 Rc4 37. b4 Nxh4 38. b5 Rg4 39. g3 Nf3+ 40. Kg2 Ng5 41. f3 Rb4 42. Rf2 Bd5 43. Qc5 Bxf3+ 44. Rxf3 Rb2+ 45. Rf2 Rxf2+ 46. Qxf2 Ne4 47. Qb2+ Kf8 48. b6 Nd6 49. b7 Nxb7 50. Qxb7 Kg7 51. Qb4 g5 52. Qd4+ Kg6 53. g4 f5 54. gxf5+ Kxf5 55. Kf3 g4+ 56. Kg3 h4+ 57. Kxh4 1-0


[Site "https://www.chess.com"]

[Event "Titled Tuesday Blitz April 26 Late 2022"]
[White "Sanal, Vahap"]
[Black "Swiercz, Dariusz"]
[WhiteFideId "6300545"]
[BlackFideId "1126881"]
[WhiteElo "2603"]
[BlackElo "2627"]
[Result "1-0"]
[Round "11"]
[TimeControl "180+1"]
[Date "2022.04.26"]
[WhiteClock "0:00:34"]
[BlackClock "0:00:02"]

1. b3 Nf6 2. Bb2 g6 3. g3 Bg7 4. Bg2 O-O 5. e4 d6 6. d4 e5 7. dxe5 dxe5 8. Nd2 Re8 9. Ngf3 Nbd7 10. O-O Qe7 11. Nc4 Nxe4 12. Re1 f5 13. Nfxe5 Nxe5 14. Bxe5 Bxe5 15. Bxe4 fxe4 16. Rxe4 Qc5 17. Qe1 Bf5 18. Rxe5 Rxe5 19. Qxe5 Qxe5 20. Nxe5 Rd8 21. c4 Rd2 22. g4 Be6 23. h3 h5 24. Nf3 Rb2 25. Ne5 Re2 26. Nxg6 Bd7 27. Nf4 Rd2 28. Nxh5 Kf7 29. Ng3 a5 30. Ne4 Rb2 31. Nc5 Bc6 32. Nd3 Re2 33. Kf1 Re8 34. Re1 Be4 35. Re3 b6 36. f3 Bxd3+ 37. Rxd3 a4 38. Rd7+ Kf6 39. Rxc7 a3 40. Ra7 Kg5 41. Rxa3 Kf4 42. b4 Kg3 43. c5 b5 44. Rc3 Re6 45. c6 Re7 46. a3 Re3 47. Rxe3 1-0


[Site "https://www.chess.com"]

[Event "Titled Tuesday Blitz April 26 Late 2022"]
[White "Sanchez Alvares, Kelvin Antonio"]
[Black "Kosteniuk, Alexandra"]
[WhiteFideId "3906680"]
[BlackFideId "4128125"]
[WhiteElo "2193"]
[BlackElo "2469"]
[Result "0-1"]
[Round "11"]
[TimeControl "180+1"]
[Date "2022.04.26"]
[WhiteClock "0:00:03"]
[BlackClock "0:00:51"]

1. e4 c6 2. d4 d5 3. e5 c5 4. dxc5 e6 5. Be3 Qc7 6. Nf3 Bxc5 7. Bb5+ Bd7 8. Bxc5 Qxc5 9. Bd3 Ne7 10. Nbd2 Ng6 11. Nb3 Qc7 12. Bxg6 fxg6 13. O-O O-O 14. Re1 Nc6 15. c3 Rf4 16. Nbd4 Raf8 17. Re3 h6 18. Qd2 g5 19. h3 Ne7 20. Rae1 Ng6 21. R3e2 g4 22. hxg4 Rxg4 23. Nh2 Rgf4 24. g3 R4f7 25. f4 Ne7 26. Rf2 Kh8 27. Ref1 a6 28. Qe3 Qb6 29. f5 Nc6 30. fxe6 Bxe6 31. Rxf7 Rxf7 32. Rxf7 Bxf7 33. e6 Be8 34. Qf2 Nxd4 35. cxd4 Qxe6 36. Qf8+ Kh7 37. Qf4 Bg6 38. Nf3 Qe2 39. Nh4 Be4 40. Qf2 Qd1+ 41. Qf1 Qxd4+ 42. Qf2 Qd1+ 43. Qf1 Qc2 44. Qf2 Qc1+ 45. Qf1 Qxb2 46. Nf3 Qb1 47. Ne1 Qxa2 48. Qf4 Qe2 0-1


[Site "https://www.chess.com"]

[Event "Titled Tuesday Blitz April 26 Late 2022"]
[White "Sarana, Alexey"]
[Black "Rustemov, Alexander"]
[WhiteFideId "24133795"]
[BlackFideId "4119002"]
[WhiteElo "2666"]
[BlackElo "2874"]
[Result "1/2-1/2"]
[Round "11"]
[TimeControl "180+1"]
[Date "2022.04.26"]
[WhiteClock "0:01:42"]
[BlackClock "0:00:36"]

1. d4 d5 2. Nf3 Nf6 3. c4 c6 4. Nc3 dxc4 5. a4 Bf5 6. Ne5 Nbd7 7. Nxc4 Nb6 8. Ne3 Bg6 9. a5 Nbd7 10. a6 b5 11. g3 e6 12. Bg2 Rc8 13. O-O Be7 14. Nc2 O-O 15. e4 b4 16. e5 bxc3 17. exf6 Nxf6 18. bxc3 c5 19. Ne3 Be4 20. Ba3 Bxg2 21. Kxg2 cxd4 22. cxd4 Bxa3 23. Rxa3 Rc6 24. Qf3 Rd6 25. Nc4 Rxd4 26. Ne5 Qb6 27. Rc1 Rd5 28. Nc6 Rd2 29. Rc4 Nd5 1/2-1/2


[Site "https://www.chess.com"]

[Event "Titled Tuesday Blitz April 26 Late 2022"]
[White "Sarkar, Justin"]
[Black "Kujawski, Adam"]
[WhiteFideId "2010011"]
[BlackFideId "1100920"]
[WhiteElo "2038"]
[BlackElo "2053"]
[Result "0-1"]
[Round "11"]
[TimeControl "180+1"]
[Date "2022.04.26"]
[WhiteClock "0:00:01"]
[BlackClock "0:01:08"]

1. d4 Nf6 2. c4 e6 3. Nf3 c5 4. d5 exd5 5. cxd5 d6 6. e4 g6 7. Nc3 Bg7 8. Be2 O-O 9. O-O Re8 10. Nd2 Nbd7 11. Qc2 Nh5 12. Bxh5 gxh5 13. Nc4 Ne5 14. Nxe5 Bxe5 15. f4 Bd4+ 16. Kh1 f5 17. exf5 Qf6 18. Nb5 Bxf5 19. Qc4 Qg6 20. Nxd4 Bd3 21. f5 Bxc4 22. fxg6 Bxf1 23. gxh7+ Kxh7 24. Nf3 Bc4 25. Bf4 Bxd5 26. Bxd6 Re2 27. Bxc5 Rg8 28. Rg1 Rexg2 29. Rxg2 Bxf3 0-1


[Site "https://www.chess.com"]

[Event "Titled Tuesday Blitz April 26 Late 2022"]
[White "Sernecki, Franciszek"]
[Black "Shirov, Alexei"]
[WhiteFideId "1169297"]
[BlackFideId "2209390"]
[WhiteElo "2165"]
[BlackElo "2678"]
[Result "0-1"]
[Round "11"]
[TimeControl "180+1"]
[Date "2022.04.26"]
[WhiteClock "0:01:07"]
[BlackClock "0:01:50"]

1. d4 d5 2. c4 e6 3. Nf3 Nf6 4. Nc3 c6 5. e3 Nbd7 6. Bd3 dxc4 7. Bxc4 b5 8. Bd3 Bb7 9. O-O a6 10. e4 c5 11. d5 Qc7 12. Qe2 Bd6 13. Bxb5 axb5 14. Nxb5 Qb8 15. Nxd6+ Qxd6 16. e5 Qa6 17. Qxa6 Bxa6 18. exf6 Bxf1 19. fxg7 Rg8 20. dxe6 fxe6 21. Kxf1 Rxg7 22. Be3 Rg4 23. a3 Rb4 24. Ra2 Rb5 25. Nd2 Nb6 26. Ke2 Kd7 27. Kd3 Kc6 28. Kc2 Nd5 29. Nc4 Nb4+ 30. axb4 Rxa2 31. Bd4 cxd4 0-1


[Site "https://www.chess.com"]

[Event "Titled Tuesday Blitz April 26 Late 2022"]
[White "Sheng, Joshua"]
[Black "Mikhailov, Viacheslav"]
[WhiteFideId "2057360"]
[BlackFideId "4187369"]
[WhiteElo "2142"]
[BlackElo "2381"]
[Result "0-1"]
[Round "11"]
[TimeControl "180+1"]
[Date "2022.04.26"]
[WhiteClock "0:01:18"]
[BlackClock "0:00:43"]

1. e4 d6 2. d4 Nf6 3. Nc3 g6 4. Be3 Bg7 5. Qd2 O-O 6. Bh6 e5 7. d5 c6 8. O-O-O cxd5 9. Bxg7 Kxg7 10. Nxd5 Nc6 11. f3 Be6 12. Ne2 Bxd5 13. exd5 Ne7 14. Nc3 Qa5 15. Bc4 Rfc8 16. Bb3 Nf5 17. h4 h5 18. g4 Nd4 19. gxh5 Nxh5 20. Kb1 Nf4 21. Ne4 Qxd2 22. Nxd2 Rh8 23. c3 Nf5 24. Ne4 Rad8 25. Bc2 Rxh4 26. Ng3 Rxh1 27. Nxf5+ gxf5 28. Rxh1 Nxd5 29. Bxf5 Nf4 30. Kc1 Rh8 31. Rxh8 Kxh8 32. Kd2 Kg7 33. Ke3 Kf6 34. Bc8 b6 35. b4 d5 36. a4 Ke7 37. Bf5 Kd6 38. Bc8 f6 39. Bf5 a5 40. bxa5 bxa5 41. Bd3 0-1


[Site "https://www.chess.com"]

[Event "Titled Tuesday Blitz April 26 Late 2022"]
[White "Shimanov, Aleksandr"]
[Black "Sadovsky, Artem"]
[WhiteFideId "4198603"]
[BlackFideId "4155840"]
[WhiteElo "2636"]
[BlackElo "2314"]
[Result "1-0"]
[Round "11"]
[TimeControl "180+1"]
[Date "2022.04.26"]
[WhiteClock "0:00:54"]
[BlackClock "0:00:24"]

1. h4 h5 2. a4 a5 3. g3 g6 4. Nh3 Na6 5. c3 Nf6 6. d4 d6 7. Bg2 c6 8. e4 Bg7 9. Ng5 Nc7 10. O-O O-O 11. Na3 e5 12. dxe5 dxe5 13. Qxd8 Rxd8 14. Nc4 Nfe8 15. Nb6 Rb8 16. Be3 f6 17. Nxc8 Rbxc8 18. Nf3 Nd6 19. Nd2 Ne6 20. Bh3 Kf7 21. Rfd1 Bf8 22. Bb6 Re8 23. Bxa5 Ra8 24. Bb6 Ra6 25. a5 Be7 26. b4 Nb5 27. Rac1 Bd8 28. Bxe6+ Kxe6 29. Nc4 Be7 30. Rd3 Raa8 31. Rcd1 Rac8 32. Ne3 f5 33. Nc4 fxe4 34. Re3 g5 35. Rxe4 Bf6 36. hxg5 Nxc3 37. Rd6+ Kf5 38. Re3 Nd5 39. gxf6 Nxe3 40. Nxe3+ Ke4 41. f7 Rf8 42. Rf6 Kd3 43. Bc5 Ke2 44. Kh1 Ke1 45. Kh2 Ke2 46. Kh3 Ke1 47. Kh4 Rh8 48. f8=Q Re8 49. Qd6 Rhg8 50. Qd1# 1-0


[Site "https://www.chess.com"]

[Event "Titled Tuesday Blitz April 26 Late 2022"]
[White "Sjugirov, Sanan"]
[Black "Domingo Nunez, Alejandro"]
[WhiteFideId "4189302"]
[BlackFideId "22245561"]
[WhiteElo "2602"]
[BlackElo "2215"]
[Result "1-0"]
[Round "11"]
[TimeControl "180+1"]
[Date "2022.04.26"]
[WhiteClock "0:00:24"]
[BlackClock "0:00:02"]

1. e4 g6 2. d4 Bg7 3. Nc3 c6 4. Nf3 d5 5. h3 dxe4 6. Nxe4 Nf6 7. Nxf6+ exf6 8. Bd3 O-O 9. O-O a5 10. Re1 Na6 11. Bf4 Nb4 12. Be4 Re8 13. c3 Nd5 14. Bh2 Be6 15. Qd2 Qd7 16. Bd3 Bxh3 17. gxh3 Qxh3 18. Bg3 Bh6 19. Bf1 Qh5 20. Qd3 Bf4 21. Bg2 Qg4 22. Nh2 Qg5 23. Bxd5 cxd5 24. Qf3 Bxg3 25. fxg3 h5 26. Qf4 Re4 27. Qxg5 fxg5 28. Nf3 Rg4 29. Kf2 Kg7 30. Re7 Ra6 31. Rxb7 Rf6 32. Rf1 h4 33. gxh4 gxh4 34. Rb5 Rf5 35. Rxa5 h3 36. c4 h2 37. Rh1 Rgf4 38. Ra3 g5 39. Kg2 Rg4+ 40. Kh3 Rgf4 41. Kg3 dxc4 42. Rxh2 1-0


[Site "https://www.chess.com"]

[Event "Titled Tuesday Blitz April 26 Late 2022"]
[White "Song, Guannan Terry"]
[Black "Menna Barreto, Felipe Kubiaki"]
[WhiteFideId "2614189"]
[BlackFideId "2119757"]
[WhiteElo "2115"]
[BlackElo "2261"]
[Result "1-0"]
[Round "11"]
[TimeControl "180+1"]
[Date "2022.04.26"]
[WhiteClock "0:00:25"]
[BlackClock "0:00:34"]

1. d4 d5 2. c4 c6 3. Nc3 e6 4. e4 dxe4 5. Nxe4 Nd7 6. Nf3 Ngf6 7. Bd3 Nxe4 8. Bxe4 Nf6 9. Bc2 c5 10. O-O cxd4 11. Nxd4 a6 12. Be3 Qc7 13. Rc1 Bd6 14. h3 O-O 15. Qf3 Bd7 16. Rfd1 h6 17. Bxh6 Bh2+ 18. Kh1 Be5 19. Be3 Rfd8 20. Bb1 Rac8 21. b3 Be8 22. Qe2 Rd7 23. Nf3 Bf4 24. Bxf4 Qxf4 25. Qe5 Qh6 26. Qe2 Rxd1+ 27. Rxd1 Bc6 28. Kg1 Qh5 29. Nd4 Rd8 30. Qxh5 Nxh5 31. Bc2 Nf4 32. Nxc6 Rxd1+ 33. Bxd1 bxc6 34. Kf1 c5 35. Bf3 Kf8 36. Ke1 Ke7 37. Kd2 Kd6 38. Ke3 Ng6 39. g3 Ne5 40. Be2 a5 41. f4 Nd7 42. g4 Nb6 43. h4 e5 44. Bf3 exf4+ 45. Kxf4 Nd7 46. Bd5 Ne5 47. g5 Nd3+ 48. Kf5 Ne5 49. h5 g6+ 50. hxg6 fxg6+ 51. Kf6 Ng4+ 52. Kxg6 Ne3 53. Kf7 Ke5 54. g6 Nf5 55. g7 Kd4 56. Kf6 Nxg7 57. Kxg7 Kc3 58. Bc6 Kb2 59. a4 Kxb3 60. Bb5 Kb4 61. Kf6 Kc3 62. Ke7 Kb4 63. Kd6 Kc3 64. Kxc5 Kb2 65. Kd5 Ka3 66. c5 Kb4 67. c6 Ka3 68. c7 Kb4 69. c8=Q Ka3 70. Qc3+ Ka2 71. Bc4+ Kb1 72. Bd3+ Ka2 73. Qc2+ Ka3 74. Qb1 Kxa4 75. Kc4 Ka3 76. Qa1# 1-0


[Site "https://www.chess.com"]

[Event "Titled Tuesday Blitz April 26 Late 2022"]
[White "Spata, German"]
[Black "Tanenbaum, Zachary"]
[WhiteFideId "113026"]
[BlackFideId "2060850"]
[WhiteElo "2238"]
[BlackElo "2168"]
[Result "0-1"]
[Round "11"]
[TimeControl "180+1"]
[Date "2022.04.26"]
[WhiteClock "0:00:16"]
[BlackClock "0:00:15"]

1. Nf3 d5 2. b3 c5 3. Bb2 f6 4. e3 e5 5. d3 Nc6 6. Be2 Bd6 7. O-O Nge7 8. e4 d4 9. Nbd2 Be6 10. Nc4 O-O 11. Nxd6 Qxd6 12. Nd2 b5 13. g3 f5 14. exf5 Bxf5 15. Bf3 Qg6 16. Ne4 c4 17. bxc4 bxc4 18. Ba3 Bh3 19. Re1 Rxf3 20. Qxf3 Rf8 21. Qe2 Bg4 22. Qd2 c3 23. Qg5 Qe6 24. Bxe7 Nxe7 25. Nc5 Qc8 26. Qxe7 Re8 27. Qd6 Qf5 28. Qd7 Qxd7 29. Nxd7 Bxd7 30. f4 Ba4 31. Rac1 Rb8 32. Rxe5 Rb2 33. Re4 Bxc2 34. Re2 Bxd3 35. Re8+ Kf7 36. Rd8 c2 37. Rxd4 Rb1 38. Kf2 Rxc1 39. Rxd3 Rb1 0-1


[Site "https://www.chess.com"]

[Event "Titled Tuesday Blitz April 26 Late 2022"]
[White "Svane, Rasmus"]
[Black "Zhigalko, Sergei"]
[WhiteFideId "4657101"]
[BlackFideId "13502956"]
[WhiteElo "2645"]
[BlackElo "2662"]
[Result "1-0"]
[Round "11"]
[TimeControl "180+1"]
[Date "2022.04.26"]
[WhiteClock "0:00:08"]
[BlackClock "0:00:03"]

1. Nf3 Nf6 2. g3 b5 3. d4 Bb7 4. Bg2 e6 5. Bg5 Be7 6. Qd3 a6 7. c3 d6 8. a4 Be4 9. Qd1 Nbd7 10. Nbd2 Bb7 11. O-O O-O 12. Qb3 Rb8 13. axb5 axb5 14. Rfe1 h6 15. Bxf6 Nxf6 16. e4 c5 17. Rad1 Qb6 18. e5 dxe5 19. dxe5 Nd5 20. Ne4 Rfd8 21. h4 c4 22. Qc2 b4 23. Nd4 Ra8 24. Qb1 Qc7 25. Nb5 Qb6 26. Nbd6 Ba6 27. Qc2 Rab8 28. Rd2 f5 29. Bh3 bxc3 30. Nxc3 Nb4 31. Qd1 Nd3 32. Qh5 Bxd6 33. Rxd3 cxd3 34. exd6 d2 35. Rxe6 Qxb2 36. Nd1 Qd4 37. Re7 Rxd6 38. Qf7+ Kh8 39. Bxf5 Rg8 40. Re8 Bc4 41. Rxg8# 1-0


[Site "https://www.chess.com"]

[Event "Titled Tuesday Blitz April 26 Late 2022"]
[White "Szpar, Milosz"]
[Black "Kanyamarala, Tarun"]
[WhiteFideId "1184989"]
[BlackFideId "45004714"]
[WhiteElo "2447"]
[BlackElo "2177"]
[Result "1-0"]
[Round "11"]
[TimeControl "180+1"]
[Date "2022.04.26"]
[WhiteClock "0:00:18"]
[BlackClock "0:00:02"]

1. e4 c5 2. Nc3 Nc6 3. Nf3 e5 4. Bc4 Be7 5. d3 d6 6. Nd2 Nf6 7. Nf1 Nd7 8. a3 Nb6 9. Ba2 O-O 10. Ne3 Be6 11. Ncd5 Bg5 12. O-O Kh8 13. c3 g6 14. b4 Bxd5 15. Nxd5 Bxc1 16. Rxc1 Ne7 17. Nxe7 Qxe7 18. d4 cxd4 19. cxd4 Rac8 20. Qd3 Kg7 21. Bb3 Qg5 22. Qe3 Qxe3 23. fxe3 Rxc1 24. Rxc1 Rc8 25. Rxc8 Nxc8 26. Bd5 b6 27. Kf2 Ne7 28. Bb7 Kf8 29. Ke2 Ke8 30. Kd3 Kd7 31. Ba6 Ng8 32. Bb5+ Ke7 33. Bc4 Nf6 34. h3 Nh5 35. Ke2 Ng7 36. g3 Nh5 37. Kf3 Ng7 38. Ke2 Ne8 39. Bb3 Nf6 40. Kd3 Nh5 41. g4 Nf6 42. Bc2 g5 43. Kc4 Kd7 44. Kb5 Kc7 45. Ka6 Kb8 46. a4 h6 47. a5 bxa5 48. bxa5 Ne8 49. Kb5 Kc7 50. Bb3 Nf6 51. Bd5 Nxd5 52. exd5 f6 53. Ka6 Kb8 54. dxe5 fxe5 55. Kb5 Kb7 56. Kc4 a6 57. Kd3 Kc7 58. Ke4 Kd7 59. Kf5 Ke7 60. Kg6 e4 61. Kg7 Ke8 62. Kxh6 1-0


[Site "https://www.chess.com"]

[Event "Titled Tuesday Blitz April 26 Late 2022"]
[White "Toniutti, Ezio"]
[Black "Pakleza, Zbigniew"]
[WhiteFideId "113034"]
[BlackFideId "1119290"]
[WhiteElo "2215"]
[BlackElo "2467"]
[Result "0-1"]
[Round "11"]
[TimeControl "180+1"]
[Date "2022.04.26"]
[WhiteClock "0:00:04"]
[BlackClock "0:00:05"]

1. d4 d6 2. c4 e5 3. Nc3 exd4 4. Qxd4 Nc6 5. Qd2 Nf6 6. b3 a5 7. Bb2 a4 8. Rd1 axb3 9. axb3 g6 10. g3 Bg7 11. Bg2 O-O 12. Nh3 Re8 13. O-O Bf5 14. Nf4 Nd7 15. Ncd5 Ra2 16. Nc3 Ra6 17. Nb5 Ra2 18. Nc3 Ra6 19. Na4 Nde5 20. Rfe1 Nxc4 21. bxc4 Rxa4 22. Bxg7 Kxg7 23. c5 dxc5 24. Nd5 Rd4 25. Qb2 f6 26. e3 Rxd1 27. Rxd1 Nb4 28. Qc3 c6 29. Qxc5 Nxd5 30. Rd4 Qe7 31. Qc1 Be6 32. Qd2 f5 33. h4 Nf6 34. h5 Nxh5 35. Rd7 Qxd7 0-1


[Site "https://www.chess.com"]

[Event "Titled Tuesday Blitz April 26 Late 2022"]
[White "Torres Cueto, Jesus Marcial"]
[Black "Omariev, Maksim"]
[WhiteFideId "4415280"]
[BlackFideId "4193423"]
[WhiteElo "2055"]
[BlackElo "2514"]
[Result "1-0"]
[Round "11"]
[TimeControl "180+1"]
[Date "2022.04.26"]
[WhiteClock "0:00:33"]
[BlackClock "0:00:01"]

1. d4 Nf6 2. c4 c5 3. d5 e6 4. Nc3 d6 5. Nf3 exd5 6. cxd5 g6 7. e3 Bg7 8. Qa4+ Nbd7 9. Bd3 O-O 10. Qb3 a6 11. a4 b6 12. O-O Bb7 13. Nd2 Ng4 14. Be2 Qh4 15. h3 Nh6 16. Nc4 Nf5 17. Nxb6 Nxb6 18. Qxb6 Rab8 19. Qb3 Ne7 20. Qb6 Be5 21. f4 Nxd5 22. Nxd5 Bxd5 23. Qxa6 Bxb2 24. Rb1 Bxc1 25. Rbxc1 Qf6 26. Rcd1 Qe6 27. Qd3 Be4 28. Qxd6 Qb3 29. Qxc5 Rfc8 30. Qd4 f5 31. Bb5 Qa2 32. Rd2 Qb3 33. Rfd1 Kf7 34. Qa7+ 1-0


[Site "https://www.chess.com"]

[Event "Titled Tuesday Blitz April 26 Late 2022"]
[White "Vasquez Schroeder, Rodrigo"]
[Black "Vovk, Orest"]
[WhiteFideId "3400042"]
[BlackFideId "14113490"]
[WhiteElo "2561"]
[BlackElo "2203"]
[Result "1-0"]
[Round "11"]
[TimeControl "180+1"]
[Date "2022.04.26"]
[WhiteClock "0:01:28"]
[BlackClock "0:00:10"]

1. e4 g5 2. d4 h6 3. c3 Bg7 4. g3 d5 5. e5 c5 6. Bg2 Nc6 7. Be3 Bf5 8. Ne2 e6 9. O-O Nge7 10. h3 cxd4 11. cxd4 Bxb1 12. Rxb1 Nf5 13. Qd2 Nxe3 14. fxe3 O-O 15. g4 f6 16. exf6 Rxf6 17. Ng3 Rxf1+ 18. Rxf1 Qa5 19. Qd3 Rf8 20. Rxf8+ Kxf8 21. Nh5 Qe1+ 22. Kh2 Qf2 23. a3 Kg8 24. Kh1 Qe1+ 25. Kh2 Qf2 26. Qg6 Qf7 27. Qc2 Bf8 28. Kg1 Bd6 29. Qe2 Qg6 30. Qd1 Qf7 31. Bf1 e5 32. dxe5 Nxe5 33. Bg2 Kf8 34. Bxd5 Qg6 35. Qf1+ Ke7 36. Ng3 Kd7 37. Nf5 Qf6 38. Qb5+ Kc7 39. Qxb7+ Kd8 40. Qa8+ Kd7 41. Qxa7+ Bc7 42. Qa4+ Kd8 43. Qd4 Bb6 44. Qd2 Kc7 45. Kg2 h5 46. Qc2+ Kb8 47. gxh5 g4 48. h4 Nf3 49. Bxf3 gxf3+ 50. Kxf3 Qf7 51. Kg4 Qg8+ 52. Kh3 Qg1 53. Qh2+ 1-0


[Site "https://www.chess.com"]

[Event "Titled Tuesday Blitz April 26 Late 2022"]
[White "Vega Gutierrez, Sabrina"]
[Black "Leschinsky, Gary"]
[WhiteFideId "2219026"]
[BlackFideId "30951321"]
[WhiteElo "2286"]
[BlackElo "1782"]
[Result "1-0"]
[Round "11"]
[TimeControl "180+1"]
[Date "2022.04.26"]
[WhiteClock "0:01:18"]
[BlackClock "0:02:10"]

1. e4 c6 2. d4 d5 3. e5 Bf5 4. Nd2 e6 5. Nb3 Nd7 6. Nf3 h6 7. Be2 Ne7 8. O-O Bh7 9. Ne1 Nf5 10. g3 a6 11. Ng2 c5 12. c3 Rc8 13. f4 Qb6 14. g4 Ne7 15. Be3 Nc6 16. f5 Be7 17. fxe6 fxe6 18. g5 cxd4 19. cxd4 Ncxe5 20. dxe5 1-0


[Site "https://www.chess.com"]

[Event "Titled Tuesday Blitz April 26 Late 2022"]
[White "Vlassov, Nikolai"]
[Black "Alinasab, Mobina"]
[WhiteFideId "4103360"]
[BlackFideId "12528897"]
[WhiteElo "2652"]
[BlackElo "2522"]
[Result "1-0"]
[Round "11"]
[TimeControl "180+1"]
[Date "2022.04.26"]
[WhiteClock "0:02:58"]
[BlackClock "0:02:47"]

1. e4 c5 2. c3 d5 3. exd5 Qxd5 4. d4 Nc6 5. Nf3 Nf6 6. Be3 cxd4 7. cxd4 Bg4 8. Nc3 Qd8 9. d5 Ne5 10. Nxe5 Bxd1 11. Bb5+ Nd7 12. Bxd7+ Qxd7 13. Nxd7 1-0


[Site "https://www.chess.com"]

[Event "Titled Tuesday Blitz April 26 Late 2022"]
[White "Vujic, Mihailo"]
[Black "Needleman, Alejandro"]
[WhiteFideId "918873"]
[BlackFideId "100730"]
[WhiteElo "2256"]
[BlackElo "2349"]
[Result "1/2-1/2"]
[Round "11"]
[TimeControl "180+1"]
[Date "2022.04.26"]
[WhiteClock "0:00:21"]
[BlackClock "0:00:58"]

1. e4 c5 2. c3 e6 3. Nf3 d5 4. exd5 exd5 5. d4 Nc6 6. Bb5 Bd6 7. O-O Ne7 8. dxc5 Bxc5 9. Nbd2 O-O 10. Nb3 Bb6 11. Bd3 Bf5 12. Bxf5 Nxf5 13. Re1 d4 14. cxd4 Nfxd4 15. Nbxd4 Nxd4 16. Nxd4 Qxd4 17. Qxd4 Bxd4 18. Be3 Bxe3 19. Rxe3 Rfe8 20. Rae1 Rxe3 21. Rxe3 Rc8 22. g3 Kf8 23. Rb3 b6 24. Ra3 a5 25. Rb3 Rc6 26. Kg2 Ke7 27. Kf3 Re6 28. Re3 Kd6 29. Rxe6+ Kxe6 30. Ke4 b5 31. Kd4 Kd6 32. f3 h6 33. h3 g6 34. h4 f5 35. g4 fxg4 36. fxg4 h5 37. g5 a4 38. a3 Ke6 39. Ke4 Kd6 40. Kd4 Ke6 41. Ke4 Kd6 42. Kd4 1/2-1/2


[Site "https://www.chess.com"]

[Event "Titled Tuesday Blitz April 26 Late 2022"]
[White "Xu, Yi"]
[Black "Bluebaum, Matthias"]
[WhiteFideId "8605564"]
[BlackFideId "24651516"]
[WhiteElo "2471"]
[BlackElo "2550"]
[Result "1-0"]
[Round "11"]
[TimeControl "180+1"]
[Date "2022.04.26"]
[WhiteClock "0:00:30"]
[BlackClock "0:00:31"]

1. e4 c6 2. d4 d5 3. e5 Bf5 4. h4 h5 5. Bd3 Bxd3 6. Qxd3 Qa5+ 7. Nd2 e6 8. Ne2 Qa6 9. c4 Ne7 10. O-O c5 11. b3 Nf5 12. Nf3 Nc6 13. Bg5 dxc4 14. bxc4 cxd4 15. Nexd4 Nfxd4 16. Nxd4 Nxe5 17. Qg3 Bd6 18. Bf4 Nxc4 19. Qxg7 O-O-O 20. Qxf7 Rd7 21. Qf6 Rf8 22. Qh6 Rxf4 23. Nxe6 Rf8 24. Rac1 Kb8 25. Rxc4 Qxc4 26. Nxf8 Qxh4 27. Nxd7+ Kc7 28. g3 Bxg3 29. Rc1+ Kxd7 30. Qg7+ Ke6 31. Qxg3 Qxg3+ 32. fxg3 a5 33. Rb1 b6 34. Rxb6+ Kd5 35. Rb5+ Kc4 36. Rxa5 h4 37. gxh4 1-0


[Site "https://www.chess.com"]

[Event "Titled Tuesday Blitz April 26 Late 2022"]
[White "Yanayt, Eugene"]
[Black "Jegorovas, Aleksandras"]
[WhiteFideId "2020165"]
[BlackFideId "12801950"]
[WhiteElo "2046"]
[BlackElo "2247"]
[Result "0-1"]
[Round "11"]
[TimeControl "180+1"]
[Date "2022.04.26"]
[WhiteClock "0:00:55"]
[BlackClock "0:00:45"]

1. e4 e6 2. f4 d5 3. Nc3 Nf6 4. d3 c5 5. g3 Nc6 6. Bg2 Be7 7. Nf3 O-O 8. O-O Rb8 9. a4 a6 10. a5 b5 11. axb6 Qxb6 12. Kh1 Rd8 13. e5 Nd7 14. g4 Nd4 15. b3 Nxf3 16. Qxf3 Bb7 17. Qg3 c4 18. bxc4 dxc4 19. Ne4 Nc5 20. Nxc5 Bxc5 21. dxc4 Rd4 22. Be3 Rxc4 23. Rab1 Bxg2+ 24. Qxg2 Qxb1 25. Rxb1 Rxb1+ 0-1


[Site "https://www.chess.com"]

[Event "Titled Tuesday Blitz April 26 Late 2022"]
[White "Yoo, Christopher Woojin"]
[Black "Lashkin, Jegor"]
[WhiteFideId "30909694"]
[BlackFideId "13907808"]
[WhiteElo "2105"]
[BlackElo "2368"]
[Result "0-1"]
[Round "11"]
[TimeControl "180+1"]
[Date "2022.04.26"]
[WhiteClock "0:00:04"]
[BlackClock "0:00:06"]

1. e4 c5 2. Nf3 d6 3. d4 cxd4 4. Nxd4 Nf6 5. Nc3 a6 6. a3 e5 7. Nf5 d5 8. Bg5 d4 9. Bxf6 Qxf6 10. Nd5 Qc6 11. c4 g6 12. Nxd4 exd4 13. Qxd4 f6 14. Nxf6+ Kf7 15. e5 Nd7 16. Ne4 Be7 17. Be2 Nc5 18. Bf3 Nxe4 19. Bxe4 Qc5 20. Bd5+ Kg7 21. Qc3 Bf5 22. O-O Rad8 23. Rad1 b6 24. h3 h5 25. b4 Qc7 26. Rfe1 Rhf8 27. e6+ Bf6 28. Qe3 Rfe8 29. Qf3 h4 30. Re2 Re7 31. Rde1 Qd6 32. Qb3 b5 33. a4 bxc4 34. Bxc4 Qb6 35. a5 Qb7 36. Re3 Bd4 37. Rf3 Rb8 38. Rd1 Bf6 39. b5 axb5 40. Bd5 Qa7 41. Qb4 Rd8 42. Qxb5 Bxe6 43. Re3 Bxd5 44. Rxe7+ Qxe7 45. Rxd5 Rxd5 46. Qxd5 Qe1+ 47. Kh2 Be5+ 48. g3 hxg3+ 49. fxg3 Qxg3+ 50. Kh1 Qh2# 0-1


[Site "https://www.chess.com"]

[Event "Titled Tuesday Blitz April 26 Late 2022"]
[White "Zherebtsova, Alexandra"]
[Black "Nazaretyan, Tigran"]
[WhiteFideId "24129518"]
[BlackFideId "24162345"]
[WhiteElo "2437"]
[BlackElo "2590"]
[Result "0-1"]
[Round "11"]
[TimeControl "180+1"]
[Date "2022.04.26"]
[WhiteClock "0:01:38"]
[BlackClock "0:02:28"]

1. d4 Nf6 2. Nf3 g6 3. c4 Bg7 4. Nc3 O-O 5. e4 d6 6. h3 c5 7. d5 e6 8. Bd3 a6 9. O-O e5 10. a4 a5 11. Nh2 Nh5 12. Be2 Nf4 13. Bg4 f5 14. exf5 gxf5 15. Bf3 Qg5 16. Kh1 e4 17. Be2 Qxg2# 0-1


[Site "https://www.chess.com"]

[Event "Titled Tuesday Blitz April 26 Late 2022"]
[White "Zlatin, Alexander"]
[Black "Schekachikhin, Maksim"]
[WhiteFideId "2810549"]
[BlackFideId "24177830"]
[WhiteElo "2228"]
[BlackElo "2230"]
[Result "0-1"]
[Round "11"]
[TimeControl "180+1"]
[Date "2022.04.26"]
[WhiteClock "0:00:02"]
[BlackClock "0:01:36"]

1. d4 Nf6 2. Nc3 d5 3. Bf4 Bf5 4. e3 e6 5. f3 Bd6 6. Nge2 O-O 7. g4 Bg6 8. h4 h5 9. g5 Ne8 10. Bxd6 Nxd6 11. Nf4 Nf5 12. Qd2 c5 13. Nxg6 fxg6 14. O-O-O Nc6 15. dxc5 Qe7 16. e4 Ng3 17. Rg1 Nxf1 18. Rgxf1 d4 19. Ne2 e5 20. f4 Qxc5 21. fxe5 Rxf1 22. Rxf1 Qxe5 23. Qd3 Re8 24. Rf4 Kh7 25. a3 a6 26. Kb1 b5 27. Qd2 Qc5 28. Nc1 Ne5 29. Nb3 Qc7 30. Qxd4 Nc4 31. Rf2 a5 32. Ka2 a4 33. Nd2 Rd8 34. Rf7 Qxf7 35. Qxd8 Nxd2+ 36. b3 axb3+ 37. Kb2 Nc4+ 38. Kxb3 Nd2+ 39. Kb2 Nxe4 40. Qd4 Qb7 41. Kb3 Qc6 42. Kb4 Nd6 43. Qc5 Qe4+ 44. Kb3 Qa4+ 45. Ka2 Nc4 46. c3 Qc2+ 0-1